 Dungeon Crawl Stone Soup version 0.22-a0-571-g4a923d4 (webtiles) character file.

554 Hebeh the Chopper (level 7, 0/61 HPs)
             Began as a Minotaur Fighter on July 1, 2018.
             Slain by an ogre
             ... wielding a +0 giant club
              (21 damage)
             ... on level 4 of the Dungeon.
             The game lasted 00:09:12 (3443 turns).

Hebeh the Chopper (Minotaur Fighter)                Turns: 3443, Time: 00:09:13

Health: 0/61       AC:  7    Str: 22    XL:     7   Next: 8%
Magic:  6/6        EV:  7    Int:  3    God:
Gold:   215        SH: 10    Dex: 10    Spells: 6/6 levels left

rFire    . . .     SeeInvis .   a - +0 war axe
rCold    . . .     Gourm    .   c - +0 shield
rNeg     . . .     Faith    .   b - +0 scale mail
rPois    .         Spirit   .   (helmet unavailable)
rElec    +         Reflect  .   (no cloak)
rCorr    .         Harm     .   (no gloves)
MR       .....                  (no boots)
Stlth    ..........             (no amulet)
HPRegen  0.20/turn              (no ring)
MPRegen  0.10/turn              (no ring)

@: no status effects
A: retaliatory headbutt, horns 3, dopey 1, electricity resistance, wild magic 1
a: no special abilities


You were on level 4 of the Dungeon.
You were not hungry.

You visited 1 branch of the dungeon, and saw 5 of its levels.

You collected 215 gold pieces.

Inventory:

Hand Weapons
 a - a +0 war axe (weapon)
 s - a cursed -1 battleaxe
Missiles
 r - 7 javelins (quivered)
Armour
 b - a +0 scale mail (worn)
 c - a +0 shield (worn)
Jewellery
 k - an uncursed amulet of regeneration {unknown}
Wands
 u - a wand of flame (22)
Scrolls
 e - 2 scrolls of teleportation {unknown}
 h - 2 scrolls of fear {unknown}
 i - a scroll of amnesia {unknown}
 j - 3 scrolls of immolation {unknown}
 l - 3 scrolls of remove curse {unknown}
 n - a scroll of blinking {unknown}
 o - a scroll of identify {unknown}
Potions
 d - 2 potions of might
 g - a potion of heal wounds {unknown}
 m - 3 potions of curing {unknown}
 p - 2 potions of lignification {unknown}
 q - a potion of haste {unknown}
 t - a potion of invisibility {unknown}
 w - 2 potions of magic {unknown}
Comestibles
 f - 7 rations
 v - 3 chunks of flesh


   Skills:
 + Level 5.2 Fighting
 * Level 5.9 Axes
 + Level 2.3 Throwing
 + Level 5.2 Armour
 + Level 5.1 Shields


You had 6 spell levels left.
You didn't know any spells.
Your spell library contained the following spells:

 Spells                   Type           Power        Failure   Level  Hunger
 Magic Dart               Conj           #...         100%        1    ##.....
 Conjure Flame            Conj/Fire      #.......     100%        3    ####...
 Slow                     Hex            #.......     100%        2    ###....
 Mephitic Cloud           Conj/Pois/Air  #.......     100%        3    ####...
 Blink                    Tloc           N/A          100%        2    ###....
 Call Imp                 Summ           #.......     100%        2    ###....


Dungeon Overview and Level Annotations

Branches:
Dungeon (5/15)
 Temple: D:4-7

Altars:
Fedhas
Kikubaaqudgha
Sif Muna
Vehumet
Wu Jian
The Shining One

Shops:
D:4 *


Innate Abilities, Weirdness & Mutations

You reflexively headbutt those who attack you in melee.
You have a pair of large horns on your head.
You are dopey. (Int -2)
You are resistant to electric shocks. (rElec)
Your spells are a little harder to cast, but a little more powerful.


Message History

You climb downwards.
The ogre hits you with a giant club!!
The howler monkey hoots and howls with incredible vigour!
The ogre hits you with a giant club!
You hear an angry hiss.
You hear a shout! x3
There is a stone staircase leading up, spattered with blood here.
You climb upwards.
There is a stone staircase leading down here.
You are too injured to fight recklessly!
You are too injured to fight recklessly!
You are too injured to fight recklessly!
The ogre barely misses you. The ogre hits you with a giant club.
You block the ogre's attack.
You slash the ogre! Your headbutt misses the ogre.
The ogre is heavily wounded.
You block the ogre's attack.
You hit the ogre.
The ogre is heavily wounded.
The ogre hits you with a giant club!!
You die...

.#.#...#######.##+#.......#.#....
.#.#...# #.........####......
.#.##### #.........# ###.###
.#'## #........^# #.# # ....#
#.........######<### ...[#
##.................# ....#
##....###......####
##'#############O)#.# #......# #
#...............@>..# #......# #
#..################## #......#
#..# #......# #..# #......# #..#
#......# #..# #......# #..#
#(.)...# ...# ######.# ..## #.#


You could see an ogre.

Vanquished Creatures
  A water moccasin (D:4)
  2 scorpions (D:4)
  A howler monkey (D:4)
  A crimson imp (D:4)
  An orc priest (D:3)
  A hound (D:4)
  2 orc wizards (D:4)
  A worker ant (D:4)
  A hound skeleton (D:4)
  6 adders
  An ooze (D:2)
  A worm (D:3)
  2 leopard geckos
  14 orcs
  2 ball pythons (D:4)
  4 giant cockroaches
  4 hobgoblins
  2 jackals (D:1)
  8 bats
  2 frilled lizards (D:2)
  4 goblins
  5 kobolds
  3 rats
69 creatures vanquished.

Notes
Turn   | Place    | Note
-------+----------+-------------------------------------------
     0 | D:1      | Hebeh the Minotaur Fighter began the quest for the Orb.
     0 | D:1      | Reached XP level 1. HP: 19/19 MP: 0/0
   371 | D:1      | Reached XP level 2. HP: 24/27 MP: 1/1
   744 | D:2      | Reached XP level 3. HP: 7/33 MP: 2/2
   745 | D:2      | Gained mutation: You are resistant to electric shocks. (rElec) [potion of mutation]
   745 | D:2      | Gained mutation: You are dopey. (Int -2) [potion of mutation]
   745 | D:2      | Gained mutation: Your spells are a little harder to cast, but a little more powerful. [potion of mutation]
   745 | D:2      | Gained mutation: You have a pair of large horns on your head. [potion of mutation]
  1359 | D:2      | Found a deep blue altar of Sif Muna.
  1473 | D:3      | Found an ancient bone altar of Kikubaaqudgha.
  1486 | D:3      | Reached XP level 4. HP: 40/40 MP: 3/3
  1889 | D:3      | Found a faded altar of an unknown god.
  1939 | D:3      | Reached XP level 5. HP: 43/47 MP: 4/4
  2013 | D:3      | Found a glowing golden altar of the Shining One.
  2014 | D:3      | Found a blossoming altar of Fedhas.
  2169 | D:3      | Found a radiant altar of Vehumet.
  2170 | D:3      | Found an ornate altar of the Wu Jian Council.
  2466 | D:4      | Reached skill level 1 in Throwing
  2678 | D:4      | Reached skill level 5 in Axes
  2678 | D:4      | Reached XP level 6. HP: 51/55 MP: 5/5
  3162 | D:4      | Found Beazann's Serpentskin Sales.
  3162 | D:4      | Noticed a water moccasin
  3170 | D:4      | Killed a water moccasin
  3170 | D:4      | Reached skill level 5 in Fighting
  3170 | D:4      | Reached skill level 5 in Armour
  3170 | D:4      | Reached skill level 5 in Shields
  3349 | D:4      | Reached XP level 7. HP: 54/61 MP: 6/6
  3410 | D:5      | Entered Level 5 of the Dungeon
  3443 | D:4      | Slain by an ogre

Vault maps used:
D:1:      lightli_arrival_maybe_door_vault
D:2:      lemuel_blue_sif_altar, first_ration, mrwooster_statue_mirror
D:3:      kiku_gazebo_garden_becter, nicolae_overflow_hidden_temple,
          chequers_ecumenical_altar_simple
D:4:      guppyfry_shop_venom
D:5:      ashenzari_altar_1, uniq_edmund

Skill      XL: |  1  2  3  4  5  6 |
---------------+-------------------+-----
Axes           | 3 4 5 |  5.9
Fighting       | 4 5 |  5.2
Armour         | 4 5 |  5.2
Shields        | 4 5 |  5.1
Throwing       | 1 2 |  2.3

Action                   |  1- 3 |  4- 6 |  7- 9 || total
-------------------------+-------+-------+-------++-------
Melee: War axe           |    72 |    90 |    11 ||   173
       Headbutt          |     8 |    15 |       ||    23
  Use: Potion            |     1 |       |       ||     1
  Eat: Chunk             |     2 |     6 |       ||     8
Armor: Scale mail        |    39 |    26 |     4 ||    69
Dodge: Dodged            |    30 |    27 |     3 ||    60
Block: Shield            |    40 |    58 |     7 ||   105

Table legend:
 A = Spawn XP
 B = Non-spawn XP
 C = Spawn XP percentage of total XP
 D = Spawn monster count
 E = Non-spawn monster count
 F = Spawn count percentage of total count
 G = Total turns spent on level
                    A         B        C        D         E        F      G
               +---------+---------+-------+---------+---------+-------+---------
         Total |       0 |     792 |   0.0 |       0 |      69 |   0.0 |  3443
               +---------+---------+-------+---------+---------+-------+---------
           D:1 |       0 |      21 |   0.0 |       0 |      13 |   0.0 |   665
           D:2 |       0 |      69 |   0.0 |       0 |      17 |   0.0 |   748
           D:3 |       0 |     120 |   0.0 |       0 |      18 |   0.0 |   988
           D:4 |       0 |     582 |   0.0 |       0 |      21 |   0.0 |  1032
               +---------+---------+-------+---------+---------+-------+---------
